 Dungeon Crawl Stone Soup version 0.30-a0-777-ga9a30cbeda (webtiles) character file.

Game seed: 880413594545574795

1462 dolemite99 the Trooper (level 9, -8/68 HPs)
             Began as a Djinni Conjurer on Feb 14, 2023.
             Was an Elder of Ignis.
             Killed by divine providence
             ... invoked by an orc priest
              (14 damage)
             ... on level 6 of the Dungeon.
             The game lasted 00:10:36 (7304 turns).

dolemite99 the Trooper (Djinni Conjurer)            Turns: 7304, Time: 00:10:37

Health: -8/68      AC:  4    Str: 12    XL:     9   Next: 5%
Gold:   331        EV: 12    Int: 24    God:    Ignis [****..] SH:  0 Dex: 12

rFire   + + +      SeeInvis .    a - +2 short sword (drain)
rCold   x . .      Faith    .    (no shield)
rNeg    . . .      Spirit   .    p - +0 robe
rPois   ∞          Reflect  .    (no helmet)
rElec   .          Harm     .    (no cloak)
rCorr   .          Rampage  .    l - +1 pair of gloves
Will    .....                    (boots unavailable)
Stlth   ++                       (no amulet)
HPRegen 0.31/turn                e - +6 ring of strength
MPRegen 0.00/turn                (no ring)

@: flying
A: sickness immunity, fire resistance 2, cold vulnerability 1, float, innate
caster, HP casting, extra vitality 1
a: Renounce Religion, Fiery Armour, Foxfire Swarm, Rising Flame


You were on level 6 of the Dungeon.
You worshipped Ignis.
Ignis was greatly pleased with you.
You visited 1 branch of the dungeon, and saw 6 of its levels.

You collected 331 gold pieces.

Inventory:

Hand Weapons
 a - a +2 short sword of draining (weapon)
 f - a +2 short sword of flaming
 n - a +0 quarterstaff
 r - a +0 trident
 w - a +2 long sword of protection
 z - a +1 heavy flail
 A - a +2 dagger of draining
 B - a +1 dagger of draining
 H - a +0 rapier
 I - a +4 morningstar
Missiles
 b - 4 datura-tipped darts
 g - 2 javelins
 q - 3 boomerangs
Armour
 l - a +1 pair of gloves (worn)
 p - a +0 robe (worn)
Magical Staves
 u - a staff of poison
 E - a staff of death
Jewellery
 e - a +6 ring of strength (left hand)
Wands
 s - a wand of digging (3)
Scrolls
 c - a scroll of amnesia
 d - a scroll of blinking
 h - a scroll of enchant armour
 i - a scroll of poison
 k - a scroll of teleportation
 o - a scroll of identify {@r1}
 y - 2 scrolls of magic mapping
 C - a scroll of noise
 D - a scroll of enchant weapon {unknown}
 F - 3 scrolls of fear {unknown}
Potions
 j - 3 potions of might
 m - 2 potions of curing {unknown}
 t - 2 potions of resistance
 v - a potion of degeneration {unknown}
 x - a potion of lignification {unknown}
 G - a potion of heal wounds


   Skills:
 * Level 7.2 Fighting
 - Level 2.1 Dodging
 - Level 1.5 Stealth
 + Level 6.7 Spellcasting


You couldn't memorise any spells.
You knew the following spells:

 Your Spells              Type           Power      Damage    Failure   Level
a - Magic Dart            Conj           100%       1d8       1%          1
b - Sting                 Tmut/Pois      100%       1d8       1%          1
c - Searing Ray           Conj           80%        2d7       1%          2
d - Dazzling Flash        Conj/Hex       80%        N/A       1%          3
e - Iskenderun's Mystic   Conj/Tloc      40%        2d9       4%          4
f - Fulminant Prism       Conj/Hex       20%        3d12      4%          4
g - Wereblood             Tmut           40%        N/A       1%          2
h - Hailstorm             Conj/Ice       40%        3d10      1%          3
i - Dispel Undead         Necr           40%        3d16      4%          4
Your spell library was empty.

Dungeon Overview and Level Annotations

Branches:
Dungeon (6/15)             Temple (0/1) D:5

Altars:
Cheibriados
Okawaru
Yredelemnul
Ignis

Shops:
D:3 (

Annotations:
D:3 Grinder


Innate Abilities, Weirdness & Mutations

You are immune to sickness and miasma.
You are immune to poison.
Your flesh is very heat resistant. (rF++)
You are vulnerable to cold. (rC-)
You float through the air rather than walking.
You learn spells naturally, not from books.
Your magical power is your life essence.
You have superior vitality. (+4 MHP)


Message History

Aim: an orc priest, wielding a +0 dagger and wearing a +0 chain mail (100% to hit)
The magic dart hits the orc priest but does no damage.
Casting: Magic Dart (safe; 1% risk of failure)
Confirm with . or Enter, or press ? or * to list all spells.
Aiming: Magic Dart (safe; 1% risk of failure)
Press: ? - help, Shift-Dir - straight line, f/p - orc priest
Aim: an orc priest, wielding a +0 dagger and wearing a +0 chain mail (100% to hit)
The magic dart hits the orc priest!
The orc priest is heavily wounded.
The orc priest calls down the wrath of Beogh upon you.
Beogh smites you!
* * * LOW HITPOINT WARNING * * *
Casting: Magic Dart (safe; 1% risk of failure)
Confirm with . or Enter, or press ? or * to list all spells.
Aiming: Magic Dart (safe; 1% risk of failure)
Press: ? - help, Shift-Dir - straight line, f/p - orc priest
Aim: an orc priest, wielding a +0 dagger and wearing a +0 chain mail (heavily wounded, 100% to hit)
The magic dart hits the orc priest but does no damage.
The orc priest is heavily wounded.
* * * LOW HITPOINT WARNING * * *
Casting: Magic Dart (safe; 1% risk of failure)
Confirm with . or Enter, or press ? or * to list all spells.
Aiming: Magic Dart (safe; 1% risk of failure)
Press: ? - help, Shift-Dir - straight line, f/p - orc priest
Aim: an orc priest, wielding a +0 dagger and wearing a +0 chain mail (heavily wounded, 100% to hit)
The magic dart hits the orc priest.
The orc priest is severely wounded.
* * * LOW HITPOINT WARNING * * *
Casting: Magic Dart (safe; 1% risk of failure)
Confirm with . or Enter, or press ? or * to list all spells.
Aiming: Searing Ray (safe; 1% risk of failure)
Press: ? - help, Shift-Dir - straight line, f/p - orc priest
Aim: an orc priest, wielding a +0 dagger and wearing a +0 chain mail (heavily wounded, 87% to hit)
The searing ray hits the orc priest.
The orc priest is severely wounded. (Press . to maintain the ray.)
* * * LOW HITPOINT WARNING * * *
The orc priest calls down the wrath of Beogh upon you.
Beogh smites you!
You die...

# ## ####
####.
###..###..[.
#...........
#...#####..#
#...# ####
### ##..#
#@## #..# ##
##.## #.##
##. # ##o##
#.# ##.. .#
#..###.#
##..# <.#
##)....#
##..## #.#
##....#
##..## #.#
#....###..##
#.#
##....##..##
.#
#........##


You could see an orc priest.

Vanquished Creatures
  Eustachio (D:6)
  Edmund (D:4)
  2 water moccasins (D:5)
  An orc warrior (D:5)
  An ogre (D:4)
  A necrophage (D:5)
  A scorpion (D:4)
  3 wights (D:6)
  An electric eel (D:6)
  A hound (D:4)
  A jelly (D:4)
  2 orc priests
  An iguana (D:4)
  Natasha (D:2)
  3 orc wizards
  3 gnolls (D:5)
  8 adders
  A shadow imp (D:5)
  A white imp (D:5)
  2 dart slugs
  31 orcs
  5 endoplasms
  4 giant cockroaches
  11 goblins
  8 hobgoblins
  7 jackals
  6 kobolds
  5 ball pythons
  2 bats
  4 frilled lizards
  6 rats
125 creatures vanquished.

Vanquished Creatures (others)
  12 foxfires (D:4)
  9 fulminant prisms (D:6)
  63 plants (D:6)
84 creatures vanquished.

Grand Total: 209 creatures vanquished

Notes
Turn   | Place    | Note
-------+----------+-------------------------------------------
     0 | D:1      | dolemite99 the Djinni Conjurer began the quest for the Orb.
     0 | D:1      | dolemite99 set off with the following spells memorised:
                  | Magic Dart, Searing Ray, Dazzling Flash, Fulminant Prism,
                  | Iskenderun's Mystic Blast.
     0 | D:1      | Reached XP level 1. HP: 15/15 MP: 0/0
   197 | D:1      | Reached skill level 1 in Fighting
   197 | D:1      | Reached XP level 2. HP: 15/22 MP: 0/0
   607 | D:1      | Reached XP level 3. HP: 26/28 MP: 0/0
   607 | D:1      | Learned a level 1 spell: Sting
   715 | D:1      | Reached skill level 2 in Fighting
   934 | D:2      | Reached XP level 4. HP: 31/34 MP: 0/0
  1414 | D:2      | Reached skill level 3 in Fighting
  1577 | D:2      | Noticed Natasha
  1598 | D:2      | Killed Natasha
  1950 | D:2      | Reached XP level 5. HP: 39/40 MP: 0/0
  1950 | D:2      | Learned a level 2 spell: Wereblood
  2025 | D:3      | Found a faded altar of an unknown god.
  2037 | D:3      | Prayed at the altar of an unknown god.
  2037 | D:3      | Became a worshipper of Ignis, the Dying Flame
  2126 | D:3      | Found an iron altar of Okawaru.
  2350 | D:3      | Found a basalt altar of Yredelemnul.
  2520 | D:3      | Reached skill level 4 in Fighting
  2522 | D:3      | Found Rycey's Weapon Shoppe.
  2604 | D:3      | Noticed Grinder
  2617 | D:3      | Paralysed by Grinder for 5 turns
  2925 | D:4      | Reached XP level 6. HP: 43/48 MP: 0/0
  3399 | D:4      | Noticed an ogre
  3407 | D:4      | Killed an ogre
  3408 | D:4      | Reached XP level 7. HP: 53/53 MP: 0/0
  3408 | D:4      | Learned a level 3 spell: Hailstorm
  3538 | D:4      | Found a snail-covered altar of Cheibriados.
  3655 | D:4      | Reached skill level 5 in Fighting
  3674 | D:4      | Noticed Edmund
  3683 | D:4      | Killed Edmund
  3684 | D:4      | Reached skill level 5 in Spellcasting
  4344 | D:5      | Entered Level 5 of the Dungeon
  4544 | D:5      | Noticed a water moccasin
  4553 | D:5      | Killed a water moccasin
  4554 | D:5      | Reached XP level 8. HP: 34/60 MP: 0/0
  4652 | D:5      | Found a staircase to the Ecumenical Temple.
  5982 | D:5      | Reached skill level 6 in Fighting
  6970 | D:6      | Noticed Eustachio
  6986 | D:6      | Killed Eustachio
  7248 | D:6      | Reached skill level 7 in Fighting
  7272 | D:6      | Reached XP level 9. HP: 32/68 MP: 0/0
  7272 | D:6      | Learned a level 4 spell: Dispel Undead
  7304 | D:6      | Killed from afar by an orc priest

Illustrated notes

Levels and vault maps discovered:
D:1:      minmay_arrival_open_corners, layout_basic
D:2:      layout_basic, serial_co_window_serial, co_window_paths_b,
          co_window_paths_a, co_window_paths_a, co_window_corner_a,
          co_window_of_opportunity_a, co_window_paths_c,
          co_window_of_opportunity_b, co_window_broadway_a, co_window_2corner,
          co_window_corner_cb, co_window_broadway_a, co_window_2corner,
          co_window_4corner_a, co_window_paths_e, glass_columns_a,
          minmay_hexomino_u4, uniq_natasha
D:3:      layout_rooms, lemuel_round_altar, mainiacjoe_overflow_catch_the_wave,
          ebering_ecumenical_altar_box, serial_shops,
          nicolae_shop_advertising_works [nicolae_subvault_shop_adworks],
          uniq_grinder
D:4:      layout_basic, nicolae_overflow_hidden_temple, uniq_edmund
D:5:      layout_rooms, minmay_temple_entry_sparse_star
D:6:      layout_layer_cave, nicolae_overflow_squiral, kennysheep_boxes,
          uniq_eustachio

Skill      XL: |  1  2  3  4  5  6  7  8 |
---------------+-------------------------+-----
Fighting       | 1 2 3 4 5 7 |  7.2
Spellcasting   | 4 5 6 |  6.7
Dodging        | |  2.1
Stealth        | |  1.5

Action                     |  1- 3 |  4- 6 |  7- 9 || total
---------------------------+-------+-------+-------++-------
  Melee: Unarmed           |     4 |       |       ||     4
         Trident           |       |       |    26 ||    26
         Punch             |       |       |     1 ||     1
   Cast: Magic Dart        |    48 |    55 |    31 ||   134
         Searing Ray       |       |    15 |    21 ||    36
         Sting             |       |       |    19 ||    19
         Fulminant Prism   |       |       |     9 ||     9
         Hailstorm         |       |       |     2 ||     2
         Dazzling Flash    |       |       |     1 ||     1
 Invoke: Foxfire Swarm     |       |     1 |       ||     1
         Fiery Armour      |       |     1 |       ||     1
    Use: Scroll            |       |     8 |     6 ||    14
         Potion            |       |     1 |     5 ||     6
 Armour: Robe              |       |     7 |    18 ||    25
  Dodge: Dodged            |     9 |    20 |    76 ||   105

Table legend: (Time is in decaauts)
 A = Elapsed time spent in this place.
 B = Non-inter-level travel time spent in this place.
 C = Inter-level travel time spent in this place.
 D = Time resting spent in this place.
 E = Time spent auto-exploring this place.
 F = Levels seen in this place.
 G = Mean time per level.
                   A        B        C        D        E       F      G
               +--------+--------+--------+--------+--------+-----+--------+
         Total |   7323 |   7170 |    153 |   3233 |   2830 |   6 | 1220.5 |
       Dungeon |   7323 |   7170 |    153 |   3233 |   2830 |   6 | 1220.5 |
               +--------+--------+--------+--------+--------+-----+--------+

Top non-repeatable levels by time:
     D:4: 2719 daAuts
     D:5: 1181 daAuts
     D:2: 1128 daAuts
     D:3: 897 daAuts
     D:1: 880 daAuts
     D:6: 517 daAuts
